Map: Port Aleksander LE

Players

puCK (Nina)

  • Race: Protoss Protoss
  • League: Grandmaster
  • Spawn Location: 11:00

scarlett - Winner!

  • Race: Zerg Zerg
  • League: Master
  • Spawn Location: 5:00

Event: 2019 WCS Winter Americas

VOD

https://www.youtube.com/watch?v=86FRDYYzwfc

Description

Time

  • Played on: March 24, 2019, 12:07 p.m.
  • Length: 18:58

All games in this series

Show
View Real Time Build Order
Export as new Build Order

puCK Protoss 

Build Orders: Oracle Opening 

Get SALT Encoding   

  12  0:00  Probe  
  13  0:12  Probe  
  14  0:20  Pylon  
  14  0:24  Probe  
  15  0:30  Assimilator  
  15  0:37  Probe  
  16  0:45  Gateway, Probe  
  17  0:53  Probe  
  18  1:04  Probe  
  19  1:16  Probe  
  20  1:24  Zealot  
  20  1:28  Pylon, Probe  
  23  1:34  Cybernetics Core  
  23  1:37  Assimilator  
  23  1:46  Probe  
  24  1:58  Probe  
  24  2:01  Adept  
  25  2:10  Probe  
  28  2:22  Probe  
  28  2:27  Nexus  
  29  2:38  Stargate  
  29  2:42  Warp Gate  
  30  2:49  Probe  
  30  2:50  Pylon  
  30  3:01  Probe  
  31  3:09  Adept  
  33  3:13  Probe  
  33  3:15  Gateway  
  33  3:18  Oracle  
  34  3:25  Probe  
  37  3:35  Gateway  
  37  3:37  Probe  
  39  3:41  Probe  
  39  3:48  Oracle  
  39  3:49  Probe  
  39  3:53  Probe  
  41  4:01  Probe  
  43  4:06  Probe  
  43  4:07  Pylon  
  43  4:09  Robotics Facility  
  44  4:11  Probe  
  45  4:18  Probe  
  45  4:20  Probe  
  45  4:21  Pylon  
  47  4:28  Probe  
  47  4:30  Probe  
  48  4:35  Phoenix  
  51  4:40  Probe  
  51  4:41  Assimilator  
  51  4:42  Sentry, Probe  
  51  4:43  Assimilator  
  55  4:46  Adept  
  55  4:51  Zealot  
  55  4:52  Probe  
  60  4:54  Probe  
  61  5:04  Probe  
  61  5:06  Nexus  
  62  5:09  Probe  
  63  5:14  Immortal  
  63  5:20  Probe  
  64  5:23  Probe  
  64  5:27  Pylon  
  64  5:28  Pylon  
  69  5:32  Probe  
  69  5:34  Twilight Council  
  70  5:35  Oracle  
  70  5:36  Forge  
  70  5:49  Shield Battery  
  73  5:51  Shield Battery  
  73  5:53  Pylon  
  73  5:57  Zealot  
  73  6:02  Immortal  
  79  6:10  Pylon  
  79  6:11  Pylon  
  79  6:23  Zealot x3  
  85  6:35  Charge  
  85  6:38  Dark Shrine  
  85  6:41  Immortal  
  85  6:42  Probe  
  87  6:50  Zealot  
  87  6:51  Adept x2  
  87  6:52  Probe  
  94  7:01  Pylon  
  87  7:29  Nexus  
  81  7:38  Pylon  
  81  7:39  Pylon  
  81  7:40  Pylon  
  78  7:56  Nexus, Dark Templar x3  
  84  7:59  Oracle  
  87  8:10  Probe  
  88  8:22  Probe  
  88  8:25  Gateway  
  88  8:26  Gateway  
  85  8:28  Gateway, Dark Templar  
  81  8:35  Probe  
  81  8:36  Oracle  
  85  8:47  Probe  
  86  8:49  Zealot, Dark Templar  
  86  8:55  Archon  
  88  8:59  Probe  
  88  9:01  Gateway  
  89  9:11  Probe  
  90  9:17  Robotics Facility  
  90  9:22  Zealot x5  
  90  9:23  Probe  
  101  9:35  Probe  
  94  9:58  Pylon  
  94  9:59  Pylon  
  94  10:00  Pylon  
  94  10:01  Pylon  
  92  10:15  Nexus  
  92  10:17  Archon  
Show
View Real Time Build Order
Export as new Build Order

scarlett Zerg - Winner!

Build Orders: 3 Hatch before Pool, Swarm Host 

Get SALT Encoding   

  12  0:00  Drone  
  13  0:12  Overlord  
  13  0:18  Drone  
  14  0:31  Drone x2  
  16  0:37  Drone  
  17  0:46  Drone  
  18  0:56  Hatchery  
  17  1:01  Drone  
  18  1:21  Hatchery  
  18  1:23  Drone  
  18  1:28  Extractor  
  18  1:30  Drone  
  18  1:41  Spawning Pool  
  18  1:45  Drone  
  18  1:47  Drone  
  18  1:51  Drone  
  21  2:01  Drone  
  21  2:09  Evolution Chamber  
  21  2:10  Drone  
  21  2:14  Overlord  
  23  2:27  Queen  
  23  2:28  Queen  
  27  2:33  Zergling x2  
  27  2:34  Zergling x4  
  27  2:35  Metabolic Boost  
  30  2:49  Zergling x2  
  30  2:50  Drone x2  
  33  2:54  Overlord  
  33  2:55  Drone  
  34  3:03  Queen  
  36  3:12  Drone x3, Queen  
  41  3:16  Drone  
  42  3:25  Drone  
  42  3:31  Drone  
  43  3:37  Drone, Overlord  
  43  3:38  Overlord  
  43  3:39  Extractor  
  43  3:40  Lair  
  43  3:41  Extractor  
  43  3:45  Drone x2  
  44  3:55  Overlord  
  44  3:59  Drone x4  
  47  4:03  Queen  
  49  4:10  Drone x3  
  49  4:15  Drone  
  49  4:16  Spore Crawler  
  52  4:18  Spore Crawler  
  51  4:28  Drone x5  
  55  4:33  Drone  
  55  4:36  Extractor  
  55  4:39  Drone  
  55  4:40  Infestation Pit  
  55  4:43  Drone  
  56  4:47  Drone x2  
  56  4:48  Drone, Nydus Network  
  56  4:51  Drone  
  59  4:56  Overlord  
  59  5:01  Overlord x2  
  58  5:17  Swarm Host x4  
  70  5:23  Swarm Host x2  
  76  5:30  Nydus Canal  
  76  5:32  Swarm Host  
  79  5:36  Swarm Host  
  82  5:44  Zergling x2  
  82  5:45  Hatchery, Zergling x2  
  83  5:52  Swarm Host x2  
  89  6:00  Overlord, Swarm Host  
  89  6:01  Overlord  
  92  6:08  Nydus Canal  
  92  6:10  Overlord x2  
  92  6:22  Swarm Host x3  
  100  6:27  Queen  
  102  6:38  Zergling x8  
  102  6:39  Zergling x6  
  109  6:53  Nydus Canal  
  109  6:54  Zergling x8  
  111  6:58  Swarm Host  
  111  6:59  Swarm Host x3  
  125  7:07  Overlord x3  
  125  7:14  Overlord x2  
  117  7:30  Nydus Canal  
  117  7:32  Zergling x18  
  111  7:54  Hydralisk Den  
  110  7:59  Drone  
  110  8:02  Swarm Host x7  
  132  8:12  Drone x3  
  135  8:20  Overseer  
  135  8:26  Swarm Host  
  135  8:27  Swarm Host x2  
  144  8:40  Drone x9  
  153  8:43  Pneumatized Carapace  
  147  8:50  Drone x5  
  147  8:53  Muscular Augments  
  148  8:59  Nydus Canal  
  148  9:02  Drone x3, Spore Crawler  
  151  9:07  Hydralisk x2  
  154  9:10  Evolution Chamber  
  154  9:11  Nydus Canal  
  153  9:18  Overlord  
  153  9:19  Drone x2  
  153  9:22  Extractor  
  153  9:23  Extractor  
  153  9:25  Spore Crawler  
  153  9:26  Nydus Canal  
  150  9:34  Hydralisk x4  
  158  9:48  Hydralisk x5  
  168  9:55  Overlord x3  
  168  10:08  Nydus Canal  
  168  10:10  Zerg Missile Weapons Level 1  
  168  10:11  Grooved Spines  
  168  10:14  Drone x6  
  171  10:15  Drone  
  175  10:23  Hydralisk x4  
Tags
 
Add a new tag
Caveats
  • Supply blocks, unpowered buildings, or Contaminate may cause inaccurate times.
  • Supply counts are checked every 10 seconds.